 Dungeon Crawl Stone Soup version 0.30.0-10-gfe55d96785 (webtiles) character file.

Game seed: 1230916786346159970

53 voltaire321 the Covered (level 3, 0/28 HPs)
             Began as a Demonspawn Wanderer on May 13, 2023.
             Slain by a gnoll
             ... wielding a +0 halberd
              (5 damage)
             ... on level 2 of the Dungeon.
             The game lasted 00:02:49 (844 turns).

voltaire321 the Covered (Demonspawn Wanderer)        Turns: 844, Time: 00:02:50

Health: 0/28       AC:  9    Str: 16    XL:     3   Next: 64%
Magic:  6/6        EV:  9    Int: 12    God:
Gold:   47         SH:  0    Dex: 11    Spells: 6/6 levels left

rFire   . . .        e - +0 whip
rCold   . . .        (no shield)
rNeg    . . .        d - +0 chain mail
rPois   .            (no helmet)
rElec   .            (no cloak)
rCorr   .            (no gloves)
SInv    .            (no boots)
Will    .....        (no amulet) Stlth
                     (no ring)
HPRegen 0.24/turn    (no ring)
MPRegen 0.10/turn

%: no passive effects
@: no status effects
A: sturdy frame 1
a: no special abilities


You were on level 2 of the Dungeon.
You visited 1 branch of the dungeon, and saw 2 of its levels.

You collected 47 gold pieces.

Inventory:

Hand Weapons
 e - a +0 whip (weapon)
Missiles
 g - 4 poisoned darts (quivered)
Armour
 d - a +0 chain mail (worn)
Scrolls
 a - a scroll of magic mapping {unknown}
 f - 2 scrolls of teleportation {unknown}
Potions
 b - a potion of curing
 c - a potion of brilliance
 h - a potion of magic {unknown}


   Skills:
 + Level 2.5 Fighting
 + Level 3.0 Armour
 + Level 2.2 Dodging
 + Level 2.3 Spellcasting
 + Level 2.2 Invocations


You had 6 spell levels left.
You didn't know any spells.
Your spell library was empty.

Dungeon Overview and Level Annotations

Branches:
Dungeon (2/15)

Altars:


Innate Abilities, Weirdness & Mutations

Your movements are slightly less encumbered by armour. (ER -2)


Message History

You completely miss the rat. The rat bites you but does no damage.
The rat bites you but does no damage. The gnoll closely misses you.
You hit the rat.
You kill the rat!
The gnoll closely misses you. The gnoll barely misses you.
You hit the gnoll.
The gnoll is moderately wounded.
The gnoll barely misses you. x2
You barely miss the gnoll.
The gnoll is moderately wounded.
The gnoll hits you with a +0 spear! The gnoll hits you but does no damage.
You hit the gnoll.
The gnoll is heavily wounded.
The gnoll hits you from afar with a +0 halberd.
The gnoll closely misses you. The gnoll barely misses you.
The gnoll closely misses you.
You hit the gnoll.
The gnoll is severely wounded.
The gnoll hits you with a +0 spear. The gnoll barely misses you.
You hit the gnoll but do no damage.
The gnoll is severely wounded.
The gnoll barely misses you. The gnoll closely misses you.
You hit the gnoll.
You kill the gnoll!
The gnoll completely misses you. The gnoll closely misses you.
The gnoll hits you with a +0 halberd.
You hit the gnoll.
The gnoll is lightly wounded.
The gnoll hits you from afar with a +0 halberd.
The gnoll barely misses you.
You barely miss the gnoll. The gnoll hits you but does no damage.
The gnoll hits you with a +0 halberd!
* * * LOW HITPOINT WARNING * * *
You closely miss the gnoll. The gnoll closely misses you.
The gnoll barely misses you.
You hit the gnoll but do no damage.
The gnoll hits you from afar with a +0 halberd.
You die...

#<...#.........
#.##.#g#.##...#
#.##.#.#g..<...
##†##..<...#....
#######g.........# #..
#....##g..............
###....##†#############
#......##g# #......@g.#
#......#### #......#
#....### ##+##


You could see 2 gnolls.

Vanquished Creatures
  A gnoll (D:2)
  2 dart slugs
  5 ball pythons
  5 bats (D:1)
  5 endoplasms (D:1)
  4 giant cockroaches
  4 goblins (D:1)
  2 jackals (D:1)
  2 quokkas (D:1)
  4 frilled lizards
  A kobold (D:1)
  2 rats
37 creatures vanquished.

Notes
Turn   | Place    | Note
-------+----------+-------------------------------------------
     0 | D:1      | voltaire321 the Demonspawn Wanderer began the quest for the
                  | Orb.
     0 | D:1      | voltaire321 set off with the following items: a +0 club, a
                  | potion of curing, a potion of brilliance, a +0 chain mail.
     0 | D:1      | Reached XP level 1. HP: 16/16 MP: 3/3
   109 | D:1      | Gained mutation: Your movements are slightly less
                  | encumbered by armour. (ER -2) [demonic ancestry]
   109 | D:1      | Reached XP level 2. HP: 22/22 MP: 5/5
   351 | D:1      | Reached XP level 3. HP: 24/28 MP: 6/6
   436 | D:1      | Reached skill level 3 in Armour
   844 | D:2      | Slain by a gnoll

Illustrated notes

Levels and vault maps discovered:
D:1:      mushboom_english_gardens, layout_rooms, kennysheep_another_room,
          minivault_25, chequers_serial_rivers_room_b
D:2:      layout_basic, serial_glass, glass_columns_b, glass_columns_c,
          corexii_leaking_fountain

Skill      XL: |  1  2  3 |
---------------+----------+-----
Dodging        | 2 |  2.2
Invocations    | 2 |  2.2
Armour         | 3 |  3.0
Fighting       | |  2.5
Spellcasting   | |  2.3

Action                     || total
---------------------------++-------
  Melee: Whip              ||   149
         Club              ||     9
         Punch             ||     2
 Armour: Chain mail        ||   106
  Dodge: Dodged            ||    97
